 Dungeon Sprint DCSS version 0.31.0-12-g77e489cdc1 (webtiles) character file.

Game seed: 12045095121249537553

123 Heoruswealwe the Spear-Bearer (level 4, 0/45 HPs)
             Began as a Minotaur Fighter on Feb 23, 2024.
             Was an Initiate of Gozag.
             Slain by a sun demon (18 damage)
             ... summoned by a kobold demonologist
             ... in the Dungeon (Sprint IX: "|||||||||||||||||||||||||||||").
             The game lasted 00:00:56 (108 turns).

Heoruswealwe the Spear-Bearer (Minotaur Fighter)     Turns: 108, Time: 00:00:57

Health: 0/45       AC:  7    Str: 22    XL:     4   Next: 79%
Magic:  3/3        EV:  9    Int:  5    God:    Gozag
Gold:   0          SH:  4    Dex: 10    Spells: 3/3 levels left

rFire   . . .        a - +0 trident
rCold   . . .        d - +0 buckler
rNeg    . . .        c - +0 scale mail
rPois   .            (helmet restricted)
rElec   .            (no cloak)
rCorr   .            (no gloves)
SInv    .            (no boots)
Will    .....        (no amulet) Stlth
                     (no ring)
HPRegen 0.27/turn    (no ring)
MPRegen 0.08/turn

%: no teleportation
@: gold aura
A: horns 2, retaliatory headbutt
a: Renounce Religion, Potion Petition, Call Merchant, Bribe Branch


You were in the Dungeon.
You worshipped Gozag.
Gozag was noncommittal.
You visited 1 branch

Inventory:

Hand Weapons
 a - a +0 trident (weapon)
Armour
 c - a +0 scale mail (worn)
 d - a +0 buckler (worn)
Jewellery
 k - a +3 ring of intelligence
 l - a +2 ring of protection
Wands
 h - a wand of quicksilver (10)
Scrolls
 j - 2 scrolls of blinking
Potions
 b - a potion of might
 e - 4 potions of curing
 f - 3 potions of heal wounds
 g - a potion of haste
 i - a potion of berserk rage


   Skills:
 + Level 6.7 Fighting
 * Level 8.4 Polearms
 + Level 6.7 Armour
 - Level 3.6 Shields


You had 3 spell levels left.
You didn't know any spells.
Your spell library was empty.

Dungeon Overview and Level Annotations

Branches:
Dungeon (1/1)

Altars:
Cheibriados
Dithmenos
Elyvilon
Fedhas
Gozag
Hepliaklqana
Kikubaaqudgha
Makhleb
Nemelex Xobeh
Okawaru
Qazlal
Ru
Sif Muna
Trog
Uskayaw
Vehumet
Wu Jian
Xom
Yredelemnul
Zin
The Shining One
Jiyva
Lugonu


Innate Abilities, Weirdness & Mutations

You have a pair of horns on your head.
You reflexively headbutt those who attack you in melee.


Message History

Found five items.
Found a +1 scale mail.
There is an open door here.
Found a +3 ring of intelligence.
f - 3 potions of heal wounds (gained 2);
e - 4 potions of curing
Things that are here:
2 potions of magic; a potion of invisibility You drop 2 potions of magic.
Found a +2 ring of protection.
j - 2 scrolls of blinking (gained 1)
You see here 2 scrolls of amnesia.
h - a wand of quicksilver (10)
Items here: )))))).
Okay, then.
You see here a +0 cloak.
You see here a +0 helmet.
You see here a +1 scale mail.
k - a +3 ring of intelligence
l - a +2 ring of protection You open the door.
An acid dragon, 2 centaurs, a two-headed ogre, a kobold demonologist and a howler monkey come into view.
The acid dragon roars!
The centaur shouts! x2
The two-headed ogre shouts in stereo!
The kobold demonologist shouts!
The kobold demonologist casts a spell.
You puncture the howler monkey!
The howler monkey is severely wounded.
The howler monkey hoots and howls with incredible vigour!
The kobold demonologist casts a spell.
You hear a shout!
You hit the howler monkey.
The howler monkey is almost dead.
The howler monkey hits you but does no damage.
You puncture the howler monkey!
You kill the howler monkey!
Your Polearms skill increases to level 8!
You hit the sun demon but do no damage. The sun demon hits you.
You are engulfed in flames!
You barely miss the sun demon. The sun demon hits you!!
You die...
Your body crumbles into a pile of gold. ▓▓▓▓▓▓▓▓▓▓▓▓▓▓▓▓▓▓▓▓▓▓▓▓ .DccOK3@.[[[.)?!'_______ ▓▓▓▓▓▓▓▓▓▓▓▓▓▓▓▓▓▓▓▓▓▓▓▓

You could see a two-headed ogre, a sun demon (summoned), a kobold demonologist, an acid dragon and 2 centaurs.

Vanquished Creatures
  A scorpion (D)
  A howler monkey (D)
  An adder (D)
  A white imp (D)
  An orc (D)
  A quokka (D)
  3 frilled lizards (D)
  2 goblins (D)
11 creatures vanquished.

Notes
Turn   | Place    | Note
-------+----------+-------------------------------------------
     0 | D        | Heoruswealwe the Minotaur Fighter began the quest for the
                  | Orb.
     0 | D        | Reached XP level 1. HP: 19/19 MP: 0/0
     8 | D        | Reached skill level 3 in Polearms
    24 | D        | Noticed a scorpion
    34 | D        | Reached skill level 4 in Polearms
    34 | D        | Reached XP level 2. HP: 17/28 MP: 1/1
    41 | D        | Killed a scorpion
    42 | D        | Reached skill level 7 in Polearms
    42 | D        | Reached XP level 3. HP: 20/37 MP: 2/2
    42 | D        | Reached XP level 4. HP: 24/44 MP: 3/3
    59 | D        | Found a snail-covered altar of Cheibriados.
    59 | D        | Found a shadowy altar of Dithmenos.
    59 | D        | Found a white marble altar of Elyvilon.
    59 | D        | Found a blossoming altar of Fedhas.
    59 | D        | Found an opulent altar of Gozag.
    60 | D        | Found a hazy altar of Hepliaklqana.
    61 | D        | Found a viscous altar of Jiyva.
    62 | D        | Found an ancient bone altar of Kikubaaqudgha.
    63 | D        | Found a corrupted altar of Lugonu.
    64 | D        | Found a burning altar of Makhleb.
    65 | D        | Found a sparkling altar of Nemelex Xobeh.
    66 | D        | Found an iron altar of Okawaru.
    67 | D        | Became a worshipper of Gozag Ym Sagoz the Greedy
    68 | D        | Found a stormy altar of Qazlal.
    69 | D        | Found a sacrificial altar of Ru.
    70 | D        | Found a shimmering blue altar of Sif Muna.
    71 | D        | Found a bloodstained altar of Trog.
    72 | D        | Found a hide-covered altar of Uskayaw.
    73 | D        | Found a radiant altar of Vehumet.
    74 | D        | Found an ornate altar of the Wu Jian Council.
    75 | D        | Found a shimmering altar of Xom.
    76 | D        | Found a basalt altar of Yredelemnul.
    77 | D        | Found a glowing silver altar of Zin.
    78 | D        | Found a glowing golden altar of the Shining One.
   103 | D        | Noticed an acid dragon
   103 | D        | Noticed a centaur
   103 | D        | Noticed a centaur
   103 | D        | Noticed a two-headed ogre
   103 | D        | Noticed a kobold demonologist
   104 | D        | Noticed a sun demon
   107 | D        | Reached skill level 8 in Polearms
   108 | D        | Slain by a sun demon

Illustrated notes

Levels and vault maps discovered:
D:        linesprint [early_d, line_temple, items_1, d_10, items_2, lair_1,
          lair_end, items_3, orc_1, orc_end, items_4, d_15, swamp_1, shoals_1,
          snake_1, spider_1, d_20, vaults_1, items_5, swamp_end, shoals_end,
          snake_end, spider_end, vaults_end, d_27, items_6, zot_1, zot_end,
          crypt_end, forest_end, elf_end, slime_end, tomb_end, abyss_end,
          pan_hell_end]

Skill      XL: |  1  2  3  4 |
---------------+-------------+-----
Polearms       | 4 7 8 |  8.4
Fighting       | 4 6 |  6.7
Armour         | 4 6 |  6.7
Shields        | |  3.6

Action                     |  1- 3 |  4- 6 || total
---------------------------+-------+-------++-------
  Melee: Trident           |    26 |    12 ||    38
         Headbutt          |     4 |     2 ||     6
    Use: Potion            |     1 |       ||     1
 Armour: Scale mail        |    17 |     4 ||    21
  Dodge: Dodged            |     7 |     3 ||    10
  Block: Buckler           |     4 |       ||     4
